 Dungeon Crawl Stone Soup version 0.28-a0-1159-g27aa881441 (webtiles) character file.

Game seed: 17989131859948087336

5 spiderkeys the Skirmisher (level 1, 0/19 HPs)
             Began as a Palentonga Abyssal Knight on Dec 15, 2021.
             Was a Follower of Lugonu.
             Slain by a wraith (4 damage)
             ... on level 1 of the Abyss.
             The game lasted 00:00:15 (174 turns).

spiderkeys the Skirmisher (PaAK)                     Turns: 174, Time: 00:00:16

Health: 0/19       AC:  4    Str: 16    XL:     1   Next: 66%
Magic:  2/2        EV:  9    Int: 10    God:    Lugonu [*.....]
Gold:   16         SH:  0    Dex: 10    Spells: 0/0 levels left

rFire   . . .      SeeInvis +   a - +1 hand axe
rCold   . . .      Faith    .   (no shield)
rNeg    . . .      Spirit   .   b - +0 leather armour
rPois   .          Reflect  .   (no helmet)
rElec   .          Harm     .   (no cloak)
rCorr   .          Rampage  .   (no gloves)
Will    .....                   (no barding)
Stlth   +.........              (no amulet)
HPRegen 0.06/turn               (no ring)
MPRegen 0.08/turn               (no ring)

@: slowed, very slow
A: large, rugged brown scales 3, see invisible, deformed body, roll 1, armoured
tail
a: Rolling Charge, Renounce Religion, Depart the Abyss


You were on level 1 of the Abyss.
You worshipped Lugonu.
Lugonu was aware of your devotion.
You visited 0 branches of the dungeon, and saw 0 of its levels.
You visited the Abyss 1 time.

You collected 16 gold pieces.


Innate Abilities, Weirdness & Mutations

You are completely covered in rugged brown scales. (AC +3, +7% HP)
You have supernaturally acute eyesight. (SInv)
Armour fits poorly on your strangely shaped body.
You can roll at nearby foes to attack.
You have a long armoured tail.


   Skills:
 + Level 3.0 Fighting
 + Level 2.1 Axes
 + Level 1.6 Armour
 + Level 0.9 Dodging
 + Level 2.1 Invocations


You couldn't memorise any spells.
You didn't know any spells.
Your spell library was empty.

Inventory:

Hand Weapons
 a - a +1 hand axe (weapon)
Armour
 b - a +0 leather armour (worn)
Scrolls
 c - 2 scrolls of fog

Dungeon Overview and Level Annotations

Branches:
Dungeon (0/15)

Altars:

#######..# .
#..#.#.#.## ..
#....#....#..#
#.......#.....
#....#.#......
# #.#....#...#
####.#.##....#
#.......W.#..#
.#.....@######
##..###......#
#......##..##
. #..#...###
... #####..# #
. # ##.#.#.. #
#.. # ## ###
##. ...... .
##. . .#.##


You could see a wraith.


Message History

🤖 Initializing magus.rc ... ✅ Successfully initialized magus.rc [v1.9.10] Welcome, spiderkeys the Palentonga Abyssal Knight.
Will you prevail where others failed? Will you find the Orb of Zot?
Lugonu says: Depart the Abyss and spread corruption, my servant! (use the ability menu to exit the Abyss) Press ? for a list of commands and other information.
Found a corrupted altar of Lugonu.
You now have 16 gold pieces.
c - 3 scrolls labelled SUDWAY FETRA
Found a gateway leading out of the Abyss.
As you read the scroll labelled SUDWAY FETRA, it crumbles to dust.
The scroll dissolves into smoke.
It was a scroll of fog.
There is a gateway leading out of the Abyss here.
There is a gateway leading out of the Abyss here.
An ufetubus comes into view.
A vampire comes into view.
The ufetubus hits you. x2 😕 HP[-4]
You take 4 damage, and now have 15/19 hp.
MASSIVE DAMAGE!! (PAUSE)
The ufetubus hits you but does no damage.
The ufetubus barely misses you.
A wraith comes into view.
The ufetubus hits you but does no damage. x2
The ufetubus closely misses you. The ufetubus hits you. 😮 HP[-2]
You take 2 damage, and now have 13/19 hp.
The ufetubus hits you. x2 😮 HP[-3]
You take 3 damage, and now have 10/19 hp.
The ufetubus closely misses you. The ufetubus hits you.
* * * LOW HITPOINT WARNING * * *
😨 HP[-1]
You take 1 damage, and now have 9/19 hp.
The ufetubus hits you but does no damage.
The ufetubus hits you.
* * * LOW HITPOINT WARNING * * *
😨 HP[-1]
You take 1 damage, and now have 8/19 hp.
You completely miss the ufetubus. You tail-slap the ufetubus.
You barely miss the wraith. The ufetubus barely misses you.
The ufetubus closely misses you. x2; The ufetubus barely misses you.
The wraith hits you but does no damage. 😨 HP[+1]
You hit the ufetubus.
You kill the ufetubus!
You hit the wraith. The wraith closely misses you. The wraith hits you.
* * * LOW HITPOINT WARNING * * *
The wraith drains your vigour!
You feel yourself slow down. 😨 HP[-4]
You take 4 damage, and now have 5/19 hp.
MASSIVE DAMAGE!! (PAUSE)
The wraith hits you but does no damage. The wraith hits you.
* * * LOW HITPOINT WARNING * * *
The wraith drains your vigour!
You feel as though you will be slow longer. 😱 HP[-1]
You take 1 damage, and now have 4/19 hp.
The wraith hits you.
You die...

Action                   || total
-------------------------++-------
Melee: Hand axe          ||     2
       Tailslap          ||     1
  Use: Scroll            ||     1
Armor: Leather armour    ||     6
Dodge: Dodged            ||     8

Levels and vault maps discovered:
Abyss:1:  base: Temple, base:
Temple

Notes
Turn   | Place    | Note
-------+----------+-------------------------------------------
     0 | Abyss:1  | spiderkeys the Palentonga Abyssal Knight began the quest
                  | for the Orb.
     0 | Abyss:1  | Reached XP level 1. HP: 19/19 MP: 2/2
     0 | Abyss:1  | magus.rc [v1.9.10]
   152 | Abyss:1  | Noticed a vampire
   157 | Abyss:1  | Noticed a wraith
   172 | Abyss:1  | HP: 4/19 [wraith (1)]
   174 | Abyss:1  | Slain by a wraith

Vanquished Creatures
  An ufetubus (Abyss:1)
1 creature vanquished.

Table legend:
 A = Non-vault XP
 B = Vault XP
 C = Vault XP percentage of total XP
 D = Non-vault monster count
 E = Vault monster count
 F = Vault count percentage of total count
                 A         B        C        D         E       F
            +---------+---------+-------+---------+---------+-------
      Total |       8 |       0 |   0.0 |       1 |       0 |   0.0
            +---------+---------+-------+---------+---------+-------
    Abyss:1 |       8 |       0 |   0.0 |       1 |       0 |   0.0
            +---------+---------+-------+---------+---------+-------

Illustrated notes

Table legend:
 A = Kills in this place as a percentage of kills in entire the game.
 B = Kills by you in this place as a percentage of kills by you in the entire game.
 C = Kills by friends in this place as a percentage of kills by friends in the entire game.
 D = Other kills in this place as a percentage of other kills in the entire game.
 E = Experience gained in this place as a percentage of experience gained in the entire game.
 F = Experience gained in this place divided by the number of levels of this place that you have seen.
                   A       B       C       D       E      F
               +-------+-------+-------+-------+-------+----------------------
         Total | 100.0 | 100.0 |   N/A |   N/A | 100.0 |   8.0
         Abyss | 100.0 | 100.0 |   N/A |   N/A | 100.0 |   8.0
               +-------+-------+-------+-------+-------+----------------------

Table legend: (Time is in decaauts)
 A = Elapsed time spent in this place.
 B = Non-inter-level travel time spent in this place.
 C = Inter-level travel time spent in this place.
 D = Time resting spent in this place.
 E = Time spent auto-exploring this place.
 F = Levels seen in this place.
 G = Mean time per level.
                   A        B        C        D        E       F      G
               +--------+--------+--------+--------+--------+-----+--------+
         Total |    176 |    176 |      0 |      0 |    149 |   1 |  176.0 |
         Abyss |    176 |    176 |      0 |      0 |    149 |   1 |  176.0 |
               +--------+--------+--------+--------+--------+-----+--------+

Top non-repeatable levels by time:
 Abyss:1: 176 daAuts
